AoeStats
← Suchlikepizza21

Arena

509268998Analyzed
1v1 RM · 7d ago on Sep 26, 2026· 33m 21s· 2 players
Game mode
Random Map
Map size
Tiny (2 player)
Population
200
Speed
Normal
Resources
Standard
Victory
Conquest
Starting age
Dark Age
Ending age
Imperial Age
RankedLock teamsTeams togetherTeam positionsShared explorationLock speedFull tech treeHidden civsTurbo modeCheats
Victory
Defeat
🇹🇼 Varangians · Taiwan
1025
+15
🇦🇺 Britons · Australia
1000
-45
Suchlikepizza21
11:54 Feudal Age
13:11 Wheelbarrow
14:27 Horse Collar
16:07 Double-Bit Axe
16:17 Gold Mining
19:33 Forging
19:19 Fletching
20:15 Padded Archer Armor
20:25 Stone Mining
26:25 Castle Age
28:22 Gold Shaft Mining
27:23 Pikeman
28:54 Man-at-Arms
31:07 Crossbowman
32:09 Loom
qetuadgjzcbm123
9:57 Feudal Age
8:55 Loom
10:45 Double-Bit Axe
17:04 Castle Age
14:58 Horse Collar
15:47 Scale Mail Armor
16:39 Forging
18:10 Bow Saw
19:11 Heavy Plow
24:09 Gold Mining
25:24 Wheelbarrow
24:41 Town Watch
25:08 Padded Archer Armor
25:25 Chain Mail Armor
25:14 Squires
24:59 Gambesons
27:20 Iron Casting
27:39 Arson
28:00 Fletching
28:53 Hand Cart
29:17 Devotion
29:09 Stone Mining
29:56 Hand Cart
31:18 Stone Shaft Mining
30:22 Pikeman
30:28 Man-at-Arms
31:13 Padded Archer Armor
32:34 Scale Barding Armor
32:45 Leather Archer Armor
32:26 Bodkin Arrow
32:16 Elite Skirmisher
33:09 Bloodlines
32:59 Husbandry
35:33 Imperial Age
33:47 Chain Barding Armor
33:27 Bodkin Arrow
Connection lost

Rejoining the realm…

Still unreachable

The connection could not be restored.

Session expired

The server has moved on; the page needs a fresh start.